 Dungeon Crawl Stone Soup version 0.17.1-3-g152610e (webtiles) character file.

19419 Goblin1989 the Cleaver (level 12, -3/144 HPs)
             Began as a Demonspawn Gladiator on Apr 21, 2016.
             Was an Elder of Okawaru.
             Slain by a shadow wraith (12 damage)
             ... on level 1 of the Abyss.
             The game lasted 00:38:54 (13472 turns).

Goblin1989 the Cleaver (Demonspawn Gladiator)      Turns: 13472, Time: 00:38:54

Health: -3/144     AC: 21    Str: 28    XL:     12   Next: 36%
Magic:  17/17      EV: 11    Int: 10    God:    Okawaru [****..]
Gold:   1638       SH:  0    Dex: 15    Spells: 2 memorised, 2 levels left

rFire  . . .     SeeInvis +     a - +0 battleaxe
rCold  + . .     Clarity  .     J - +4 scale mail of the Tundras {SInv}
rNeg   . . .     SustAt   .     (shield currently unavailable)
rPois  .         Gourm    .     c - +0 helmet
rElec  .         Spirit   .     r - +2 cloak
rCorr  +         Warding  .     L - +0 pair of gloves
rMut   .         Stasis   .     (no boots)
MR     .....                    B - amulet of resist corrosion
Stlth  ..........               M - ring of protection from cold (curse)
                                h - ring of the Hippo {Wiz Str+4 Slay+4}

@: mighty, berserking, about to teleport, slowed, not resistant to hostile
enchantments, extremely unstealthy
A: talons 2, thin metallic scales 2, powered by pain 3
a: Heroism, Renounce Religion


You were on level 1 of the Abyss.
You worshipped Okawaru.
Okawaru was greatly pleased with you.
You were not hungry.

You visited 3 branches of the dungeon, and saw 17 of its levels.
You visited the Abyss 1 time.
You also visited: Sewer.

You collected 1974 gold pieces.
You spent 336 gold pieces at shops.

Inventory:

Hand Weapons
 a - a +0 battleaxe (weapon)
 b - a +1 morningstar of protection
Missiles
 d - 6 throwing nets (quivered)
 f - 7 javelins
Armour
 c - a +0 helmet (worn)
 r - a +2 cloak (worn)
 y - a +0 plate armour
 J - the +4 scale mail of the Tundras (worn) {SInv}
   (You found it on level 6 of the Dungeon)

   It lets you see invisible.
 L - a +0 pair of gloves (worn)
Jewellery
 h - the ring of the Hippo (left hand) {Wiz Str+4 Slay+4}
   (You found it in a sewer)

   [ring of wizardry]

   It improves your spell success rate.
   It affects your strength (+4).
   It affects your accuracy and damage with ranged weapons and melee attacks
   (+4).
 j - an uncursed ring of protection from fire
 u - an uncursed ring of see invisible {unknown}
 B - an amulet of resist corrosion (around neck)
 K - a +3 ring of evasion
 M - a cursed ring of protection from cold (right hand)
 O - an uncursed ring of protection from fire
Wands
 e - a wand of confusion (18)
 m - a wand of teleportation (2)
 t - a wand of cold (4)
 x - a wand of flame (19)
 I - a wand of digging (15)
 N - a wand of slowing (37)
 Y - a wand of digging (6)
Scrolls
 i - 2 scrolls of fog
 l - a scroll of magic mapping
 p - a scroll of fear
 q - a scroll of immolation
 s - a scroll of acquirement
 A - a scroll of amnesia
 D - 7 scrolls of remove curse
 E - a scroll of enchant armour
 R - a scroll of enchant weapon {unknown}
 T - 2 scrolls of identify
Potions
 k - a potion of lignification
 w - 2 potions of cure mutation
 C - 4 potions of flight
 Q - 3 potions of curing
 S - a potion of mutation {unknown}
 U - a potion of berserk rage
 V - a potion of resistance
 W - a potion of agility
Comestibles
 n - 11 bread rations
 o - 3 beef jerkies
 z - 8 meat rations
 F - 16 fruits
 P - a slice of pizza
 Z - a royal jelly


   Skills:
 + Level 9.4 Fighting
 * Level 13.5 Axes
 - Level 1.7 Throwing
 + Level 8.6 Armour
 - Level 2.6 Dodging
 + Level 7.5 Invocations


You had 2 spell levels left.
You knew the following spells:

 Your Spells              Type           Power        Failure   Level  Hunger
a - Controlled Blink      Tloc           N/A          100%        8    #######
b - Apportation           Tloc           #.........   41%         1    ##.....


Dungeon Overview and Level Annotations

Branches:
Dungeon (12/15)            Temple (0/1) D:4            Lair (1/8) D:8
    Orc (4/4) D:10
    Elf: Orc:3-4

Altars:
Fedhas
Gozag
Makhleb
Okawaru
Qazlal
Vehumet
Xom

Shops:
D:5 }   D:10 =   D:11 !

Portals:
Trove: D:11 (give +4 demon blade)


Innate Abilities, Weirdness & Mutations

You have razor-sharp toenails.
You are mostly covered in thin metallic scales (AC +3).
You are powered by pain.


Message History

* * * LOW HITPOINT WARNING * * *
The shadow wraith closely misses you.
You take 17 damage, and have 25/96 hp.
Drink which item? (? for menu, Esc to quit)
Okay, then.
You hit the shadow wraith.
You claw the shadow wraith, but do no damage.
The shadow wraith is lightly damaged.
The shadow wraith hits you!
* * * LOW HITPOINT WARNING * * *
You focus on the pain.
You feel very mighty all of a sudden. The shadow wraith drains your vigour!
You feel as though you will be slow longer.
* * * LOW HITPOINT WARNING * * *
You take 19 damage, and have 6/96 hp.
Drink which item? (? for menu, Esc to quit)
A red film seems to cover your vision as you go berserk!
You feel yourself moving faster!
You feel mighty! The shadow wraith hits you!
You die...

. # # # ##. .# # .
. ## . # .# . ##
.# # #.######.## #
#
#.#...#.#.....#...
. ##...##..W@.##.#
...#....#####..# #
# #.##.##..## ..#
# #.......#W#.#. #
#.#..
..####..#.####.
#..# #.#..#
.#..#.....# . .#.
... .## #...... .
...... . .........
. .... ..
......... #... .


You could see a shadow wraith (invisible).

Vanquished Creatures
  Snorg (Orc:1)
  A thrashing horror (Abyss:1)
  6 hill giants
  3 orc knights
  Maurice (Orc:2)
  An orc sorcerer (Orc:2)
  A troll (Orc:2)
  A merfolk (D:9)
  8 two-headed ogres
  A ynoxinul (Abyss:1)
  Sigmund (D:5)
  11 yaks
  A deep elf mage (D:9)
  A shadow (D:12)
  The ghost of senseless the Ruffian, an amateur DrMo (Sewer)
  Eustachio (D:5)
  A chaos spawn (Abyss:1)
  2 hippogriffs
  A steam dragon (D:9)
  A wyvern (D:10)
  A warg (Orc:2)
  2 water moccasins
  Duvessa (D:5)
  4 ice beasts
  4 sky beasts
  A black bear (D:8)
  12 orc warriors
  12 ogres
  2 eyes of draining
  3 centaurs
  9 giant frogs
  Dowan (D:5)
  2 big kobolds
  A scorpion (D:4)
  5 wights (D:7)
  12 killer bees
  16 orc priests
  4 centaur zombies
  A quasit (Abyss:1)
  3 giant frog zombies
  Crazy Yiuf (D:4)
  2 centaur skeletons
  2 crimson imps
  5 hounds
  3 giant frog skeletons
  A gnoll shaman (D:10)
  3 worker ants (D:6)
  14 orc wizards
  6 iguanas
  3 hound skeletons
  A worker ant zombie (D:10)
  17 adders
  8 gnolls
  6 river rats (Lair:1)
  2 shadow imps
  2 oozes
  An adder skeleton (D:8)
  2 adder zombies (D:5)
  6 worms
  6 giant geckos
  106 orcs
  6 hobgoblins
  9 jackals
  5 ball pythons
  13 bats
  15 giant cockroaches
  9 giant newts
  3 goblins
  19 kobolds
  5 quokkas
  A quokka skeleton (D:4)
  9 rats
432 creatures vanquished.

Vanquished Creatures (others)
  2 orcs (Orc:2)
2 creatures vanquished.

Grand Total: 434 creatures vanquished

Notes
Turn   | Place    | Note
--------------------------------------------------------------
     0 | D:1      | Goblin1989 the Demonspawn Gladiator began the quest for the Orb.
     0 | D:1      | Reached XP level 1. HP: 16/16 MP: 1/1
   108 | D:1      | Reached skill level 3 in Axes
   177 | D:1      | Gained mutation: You sometimes gain a little power by taking damage. [demonic ancestry]
   177 | D:1      | Reached XP level 2. HP: 22/22 MP: 2/2
   756 | D:2      | Reached XP level 3. HP: 27/27 MP: 3/3
   795 | D:2      | Reached skill level 4 in Axes
  1131 | D:2      | Found a shimmering altar of Xom.
  1131 | D:2      | Found a blossoming altar of Fedhas.
  1296 | D:2      | Gained mutation: You have sharp toenails. [demonic ancestry]
  1296 | D:2      | Reached XP level 4. HP: 29/33 MP: 4/4
  1590 | D:3      | Found an iron altar of Okawaru.
  1599 | D:3      | Became a worshipper of Warmaster Okawaru
  1633 | D:3      | Reached skill level 5 in Axes
  1989 | D:3      | Gained mutation: You are partially covered in thin metallic scales (AC +2). [demonic ancestry]
  1989 | D:3      | Reached XP level 5. HP: 31/38 MP: 5/5
  2196 | D:3      | Found an opulent altar of Gozag.
  2566 | D:4      | Found a glowing drain.
  2594 | Sewer    | Entered a sewer
  2641 | Sewer    | Reached skill level 6 in Axes
  2658 | Sewer    | Noticed senseless's ghost (amateur DrMo)
  2698 | Sewer    | Killed senseless's ghost
  2698 | Sewer    | Reached * piety under Okawaru
  2698 | Sewer    | Gained mutation: You have razor-sharp toenails. [demonic ancestry]
  2698 | Sewer    | Reached XP level 6. HP: 26/44 MP: 6/6
  3068 | Sewer    | Reached skill level 7 in Axes
  3079 | Sewer    | Got a flickering turquoise ring
  3080 | Sewer    | Identified the ring of the Hippo {Wiz Str+4 Slay+4} (You found it in a sewer)
  3451 | D:4      | Gained mutation: You sometimes gain power by taking damage. [demonic ancestry]
  3451 | D:4      | Reached XP level 7. HP: 50/50 MP: 7/7
  3720 | D:4      | Found a staircase to the Ecumenical Temple.
  3850 | D:4      | Noticed Crazy Yiuf
  3855 | D:4      | Killed Crazy Yiuf
  3958 | D:5      | Entered Level 5 of the Dungeon
  4015 | D:5      | Noticed Dowan
  4016 | D:5      | Noticed Duvessa
  4029 | D:5      | Killed Duvessa
  4034 | D:5      | Killed Dowan
  4034 | D:5      | Reached skill level 1 in Armour
  4036 | D:5      | Reached skill level 8 in Axes
  4113 | D:5      | Noticed Eustachio
  4132 | D:5      | Killed Eustachio
  4132 | D:5      | Reached ** piety under Okawaru
  4132 | D:5      | Gained mutation: You are powered by pain. [demonic ancestry]
  4132 | D:5      | Reached XP level 8. HP: 44/58 MP: 8/8
  4303 | D:5      | Noticed Sigmund
  4310 | D:5      | Killed Sigmund
  4310 | D:5      | Reached skill level 9 in Axes
  4536 | D:5      | Found Jeceritula's Gadget Emporium.
  4626 | D:5      | Found a stormy altar of Qazlal.
  4677 | D:5      | Found a blossoming altar of Fedhas.
  4781 | D:5      | Found a burning altar of Makhleb.
  5530 | D:6      | Got an ichor-stained scale mail
  5665 | D:6      | Reached XP level 9. HP: 66/66 MP: 9/9
  5950 | D:7      | Reached skill level 5 in Fighting
  6514 | D:7      | Reached skill level 10 in Axes
  6669 | D:8      | Reached *** piety under Okawaru
  6940 | D:8      | Found a staircase to the Lair.
  7115 | D:8      | Reached skill level 5 in Armour
  7215 | Lair:1   | Entered Level 1 of the Lair of Beasts
  7771 | D:9      | Gained mutation: You are mostly covered in thin metallic scales (AC +3). [demonic ancestry]
  7771 | D:9      | Reached XP level 10. HP: 70/76 MP: 10/10
  7793 | D:9      | Found a radiant altar of Vehumet.
  7945 | D:9      | Reached skill level 11 in Axes
  8169 | D:9      | Reached **** piety under Okawaru
  8196 | D:9      | Learned a level 8 spell: Controlled Blink
  8818 | D:9      | Reached ***** piety under Okawaru
  8834 | D:9      | Identified a scroll of acquirement
  8850 | D:9      | Identified the +4 scale mail of the Tundras {SInv} (You found it on level 6 of the Dungeon)
  9301 | D:10     | Entered Level 10 of the Dungeon
  9314 | D:10     | Found Plog's Jewellery Shop.
  9321 | D:10     | Received a gift from Okawaru
  9420 | D:10     | Reached skill level 1 in Invocations
  9599 | D:10     | Reached skill level 12 in Axes
  9683 | D:10     | Found a staircase to the Orcish Mines.
  9850 | D:10     | Noticed a hill giant
  9867 | D:10     | Killed a hill giant
  9867 | D:10     | Reached XP level 11. HP: 22/85 MP: 10/13
 10175 | D:11     | Found a portal to a secret trove of treasure.
 10220 | D:11     | Noticed a hill giant
 10239 | D:11     | Killed a hill giant
 10311 | D:11     | Noticed a hill giant
 10318 | D:11     | Killed a hill giant
 10356 | D:11     | Noticed a hill giant
 10365 | D:11     | Killed a hill giant
 10404 | D:11     | Noticed a hill giant
 10414 | D:11     | Killed a hill giant
 10451 | D:11     | Found Plog's Distillery.
 10456 | D:11     | Bought 2 potions of berserk rage for 140 gold pieces
 10456 | D:11     | Bought a potion of resistance for 140 gold pieces
 10456 | D:11     | Bought a potion of agility for 56 gold pieces
 10646 | D:11     | Received a gift from Okawaru
 11023 | D:12     | Noticed a hill giant
 11030 | D:12     | Killed a hill giant
 11030 | D:12     | Reached skill level 5 in Invocations
 11099 | D:12     | Noticed a four-headed hydra
 11200 | Orc:1    | Entered Level 1 of the Orcish Mines
 11453 | Orc:2    | Noticed Maurice
 11470 | Orc:2    | Killed Maurice
 11667 | Orc:1    | Noticed Snorg
 11679 | Orc:1    | Killed Snorg
 11786 | Orc:3    | Reached skill level 13 in Axes
 12025 | Orc:2    | Reached XP level 12. HP: 47/94 MP: 8/16
 12977 | Orc:1    | Learned a level 1 spell: Apportation
 13024 | Orc:4    | Entered Level 4 of the Orcish Mines
 13292 | Orc:4    | Noticed an ogre mage
 13328 | Orc:4    | Cast into the Abyss (an ogre mage)
 13382 | Abyss:1  | Found a corrupted altar of Lugonu.
 13454 | Abyss:1  | Noticed a starcursed mass
 13472 | Abyss:1  | Slain by a shadow wraith

Action                   |  1- 3 |  4- 6 |  7- 9 | 10-12 || total
-------------------------+-------+-------+-------+-------++-------
Melee: War axe           |   151 |   196 |   218 |       ||   565
       Broad axe         |       |       |    83 |    74 ||   157
       Battleaxe         |       |       |       |   411 ||   411
Invok: Heroism           |       |     2 |     7 |    16 ||    25
       Finesse           |       |       |       |     3 ||     3
Evoke: Wand              |       |       |    11 |     8 ||    19
  Use: Potion            |       |     5 |     3 |     2 ||    10
       Scroll            |       |       |       |    16 ||    16
 Stab: Sleeping          |     1 |       |       |       ||     1
       Confused          |       |       |     2 |     1 ||     3
  Eat: Chunk             |     1 |     6 |     7 |    19 ||    33
       Meat ration       |       |     1 |       |       ||     1
       Bread ration      |       |       |     1 |     1 ||     2
